 Dungeon Crawl Stone Soup version 0.18-a0-62-gc15d2f0 (webtiles) character file.

205 Duffy the Skirmisher (level 6, -1/51 HPs)
             Began as a Formicid Artificer on Nov 9, 2015.
             Was an Initiate of Ru.
             Slain by a gnoll (5 damage)
             ... on level 3 of the Dungeon.
             The game lasted 00:05:58 (4041 turns).

Duffy the Skirmisher (Formicid Artificer)           Turns: 4041, Time: 00:05:58

Health: -1/51      AC:  6    Str: 16    XL:     6   Next: 9%
Magic:  17/17      EV: 11    Int: 11    God:    Ru [......]
Gold:   101        SH:  0    Dex: 13    Spells: 0 memorised, 5 levels left

rFire  . . .     SeeInvis +     a - +0 short sword
rCold  . . .     Clarity  .     g - +0 ring mail
rNeg   . . .     SustAt   .     (no shield)
rPois  .         Gourm    .     (helmet unavailable)
rElec  .         Spirit   .     r - +0 cloak
rCorr  .         Warding  .     (no gloves)
rMut   .         Stasis   +     (no boots)
MR     .....                    E - amulet of faith
Stlth  +.........               (no ring)
                                w - ring of magical power

@: not resistant to hostile enchantments, very unstealthy
A: permanent stasis, dig shafts and tunnels, four strong arms, antennae 3
a: Dig, Shaft Self, Renounce Religion


You were on level 3 of the Dungeon.
You worshipped Ru.
Ru was noncommittal.
You were not hungry.

You visited 1 branch of the dungeon, and saw 3 of its levels.

You collected 101 gold pieces.


Innate Abilities, Weirdness & Mutations

You are under a permanent stasis effect.
You can dig through walls and to a lower floor.
Your four strong arms can wield two-handed weapons with a shield.
You have a pair of large antennae on your head (SInv).


   Skills:
 - Level 5.4 Fighting
 - Level 1.0 Short Blades
 + Level 2.8 Dodging
 - Level 1.2 Stealth
 - Level 3.2 Evocations


You had 5 spell levels left.
You didn't know any spells.

Inventory:

Hand Weapons
 a - a +0 short sword (weapon)
Missiles
 C - 4 poisoned needles
Armour
 b - a +0 leather armour
 g - a +0 ring mail (worn)
 l - a +0 plate armour
 r - a +0 cloak (worn)
Jewellery
 w - a ring of magical power (left hand)
 E - an amulet of faith (around neck)
Wands
 c - a wand of flame (10)
 d - a wand of enslavement (15)
 e - a wand of random effects (15)
Scrolls
 i - a scroll of fear {unknown}
 j - 2 scrolls of noise {unknown}
 k - 4 scrolls of remove curse
 n - 2 scrolls of enchant armour {unknown}
 q - 3 scrolls of identify {unknown}
 s - a scroll of blinking {unknown}
 y - a scroll of random uselessness {unknown}
Potions
 h - a potion of invisibility {unknown}
 m - 2 potions of haste {unknown}
 o - 2 potions of cancellation {unknown}
 p - 2 potions of curing {unknown}
 t - 2 potions of degeneration {unknown}
 u - 2 potions of might {unknown}
 v - a potion of beneficial mutation {unknown}
 x - a potion of flight {unknown}
 B - a potion of ambrosia {unknown}
 D - a potion of heal wounds
 F - a potion of mutation {unknown}
 G - a potion of brilliance {unknown}
Comestibles
 f - 4 bread rations
 z - a beef jerky
 A - 7 fruits

Dungeon Overview and Level Annotations

Branches:
Dungeon (3/15)

Altars:
Ru
Xom


Message History

This wand has 11 charges left.
The gnoll hits you.
That item cannot be evoked!
There isn't anything here!
Evoke which item? (* to show all) (? for menu, Esc to quit)
Zapping:
c - a wand of flame (11)
Press: ? - help, Shift-Dir - straight line, f/p - gnoll
Aim: a gnoll, wearing a ring mail (severely wounded)
The puff of flame hits the gnoll.
The gnoll is almost dead.
This wand has 10 charges left.
The gnoll misses you.
You hit the gnoll but do no damage.
The gnoll is almost dead.
The gnoll hits you but does no damage.
You barely miss the gnoll.
The gnoll is almost dead.
The gnoll closely misses you.
You hit the gnoll but do no damage.
The gnoll is almost dead.
The gnoll hits you but does no damage.
You hit the gnoll but do no damage.
The gnoll is almost dead.
The gnoll hits you.
You barely miss the gnoll.
The gnoll is almost dead.
The gnoll hits you.
You hit the gnoll but do no damage.
The gnoll is almost dead.
The gnoll barely misses you.
You closely miss the gnoll.
The gnoll is almost dead.
The gnoll hits you. The gnoll barely misses you.
You barely miss the gnoll.
The gnoll is almost dead.
The gnoll hits you.
You die...

..########...........####..).....
†.....## #####.......## #..######
.......####..)........###.##
......>#...<########......#
.........#....# ##.#...#
.........#....# #.....#
.......#.#....# ###....#
......##......######.)....##
..............##@##..#..#..#####
.#.....###(...###g#.##.##......##
. ####.. #....##.##.#..##.####..)
.##....###(....###..# ####
.......#...#.######.######
#.((##..####.........
#.g..####.#........)....
#.#............###.##### ..
#...........## #.#####


You could see a gnoll.

Action                   |  1- 3 |  4- 6 || total
-------------------------+-------+-------++-------
Melee: Short sword       |   182 |   299 ||   481
 Abil: Dig               |     1 |     2 ||     3
Evoke: Wand              |       |     5 ||     5
  Use: Scroll            |       |     1 ||     1
  Eat: Chunk             |     4 |     7 ||    11

Notes
Turn   | Place    | Note
--------------------------------------------------------------
     0 | D:1      | Duffy the Formicid Artificer began the quest for the Orb.
     0 | D:1      | Reached XP level 1. HP: 15/15 MP: 3/3
    37 | D:1      | Reached skill level 2 in Dodging
   125 | D:1      | Reached XP level 2. HP: 17/22 MP: 4/4
   226 | D:1      | Reached skill level 2 in Fighting
   833 | D:1      | Reached XP level 3. HP: 28/28 MP: 5/5
  1708 | D:2      | Reached skill level 3 in Fighting
  1742 | D:2      | Noticed Robin
  1763 | D:2      | Killed Robin
  2004 | D:2      | Reached XP level 4. HP: 35/37 MP: 6/6
  2085 | D:2      | Reached skill level 4 in Fighting
  2562 | D:2      | Reached XP level 5. HP: 40/43 MP: 7/7
  2698 | D:2      | Found a shimmering altar of Xom.
  2802 | D:2      | Reached skill level 5 in Fighting
  3612 | D:3      | Found a sacrificial altar of Ru.
  3649 | D:3      | Reached XP level 6. HP: 31/51 MP: 8/8
  3793 | D:3      | Became a worshipper of Ru the Awakened
  4041 | D:3      | Slain by a gnoll

Vault maps used:
D:1:      onia_arrival_larder
D:2:      xom_teletrap_fun, uniq_robin
D:3:      lemuel_round_altar, first_bread

Vanquished Creatures
  An orc priest
  A worker ant Robin
  7 adders
  A worm
  2 giant geckos
  4 orcs
  A ball python
  11 goblins
  10 hobgoblins
  5 jackals
  5 bats
  5 giant cockroaches
  8 giant newts
  10 kobolds
  8 rats
80 creatures vanquished.
